 Dungeon Crawl Stone Soup version 0.32-a0-41-gec2d92a32c (webtiles) character file.

Game seed: 16080453359243335291

60881 kae the Martial Artist (level 14, -4/125 HPs)
             Began as a Demonspawn Shapeshifter on Jan 26, 2024.
             Was a High Priest of Wu Jian.
             Incinerated by a deep elf pyromancer (8 damage)
             ... with a pyre arrow
             ... on level 13 of the Dungeon.
             The game lasted 00:22:13 (19670 turns).

kae the Martial Artist (Demonspawn Shapeshifter)   Turns: 19670, Time: 00:22:13

Health: -4/125     AC: 28    Str: 14    XL:     14   Next: 58%
Magic:  18/18      EV: 17    Int: 17    God:    Wu Jian [*****.]
Gold:   1062       SH:  5    Dex: 18    Spells: 0/19 levels left

rFire   . .          .
                       - Unarmed
rCold   . . .        (no shield)
rNeg    + . .        a - melded +1 animal skin
rPois   ∞            (helmet restricted)
rElec   +            u - +2 cloak
rCorr   .            H - melded +2 pair of gloves
SInv    .            (boots currently unavailable)
Will    +....        W - amulet of reflection
Stlth   +            Z - ring of wizardry
HPRegen 0.40/turn    I - +6 ring of intelligence
MPRegen 0.16/turn

%: reflection, wizardry (x1)
@: on fire, statue-form, glowing, studying Evocations, very slow
A: slow and powerful, torment resistance 1, boosted hp, horns 2, icemail 1,
spiny 2, (sanguine armour 3), condensation shield
a: Begin Untransformation, Renounce Religion, Wall Jump, Serpent's Lash,
Heavenly Storm


You were on level 13 of the Dungeon.
You worshipped Wu Jian.
Wu Jian was extremely pleased with you.
You were a living statue of rough stone.
You visited 3 branches of the dungeon, and saw 19 of its levels.
You also visited: Trove.

You collected 1242 gold pieces.
You spent 180 gold pieces at shops.


Innate Abilities, Weirdness & Mutations

You are a living statue of rough stone.
Your actions are slow, but your melee attacks are powerful.
You are resistant to unholy torment.
Your maximum health is increased.
Your equipment is partially melded.
You are immune to poison.
You have a pair of horns on your head.
A meltable icy envelope protects you from harm. (AC +0)
You are mostly covered in sharp spines.
((When seriously injured, your blood forms very thick armour. (AC +0)))
A meltable shield of frost defends you. (SH +0)


   Skills:
 + Level 11.2 Fighting
 - Level 3.0 Armour
 + Level 8.7 Dodging
 + Level 14.7 Unarmed Combat
 + Level 3.1 Spellcasting
 - Level 3.0 Hexes
 + Level 0.7 Translocations
 * Level 14.5 Shapeshifting


You couldn't memorise any spells.
You knew the following spells:

 Your Spells              Type           Power      Damage    Failure   Level
a - Slow                  Hex            48%        N/A       1%          1
b - Confusing Touch       Hex            12%        N/A       6%          3
c - Dazzling Flash        Conj/Hex       14%        N/A       12%         3
d - Mephitic Cloud        Conj/Alch/Air  2%         N/A       21%         3
e - Manifold Assault      Tloc           5%         N/A       43%         4
f - Silence               Hex/Air        3%         N/A       67%         5

Your spell library contained the following spells:

 Spells                   Type           Power      Damage    Failure   Level
 Ensorcelled Hibernation  Hex/Ice        14%        N/A       6%          2
 Sigil of Binding         Hex            12%        N/A       6%          3
 Foxfire                  Conj/Fire      8%         2x1d4     7%          1
 Cigotuvi's Dreadful Rot  Necr/Alch/Air  4%         N/A       11%         2
 Inner Flame              Hex/Fire       7%         N/A       12%         3
 Fugue of the Fallen      Necr           2%         N/A       21%         3
 Summon Ice Beast         Ice/Summ       2%         N/A       21%         3
 Vampiric Draining        Necr           2%         2d6       21%         3
 Anguish                  Hex/Necr       3%         N/A       34%         4
 Passage of Golubria      Tloc           5%         N/A       43%         4
 Dispel Undead            Necr           2%         3d7       52%         4
 Flame Wave               Conj/Fire      2%         2d4       52%         4
 Leda's Liquefaction      Alch/Erth      1%         N/A       52%         4
 Martyr's Knell           Necr/Summ      2%         N/A       52%         4
 Sticky Flame             Fire/Alch      2%         2d4       52%         4
 Summon Mana Viper        Hex/Summ       7%         N/A       67%         5
 Curse of Agony           Necr           2%         N/A       86%         5
 Lee's Rapid Deconstruct  Erth           1%         3d4*      86%         5
 Dispersal                Tloc           2%         N/A       99%         6
 Bombard                  Conj/Erth      1%         9d1       100%        6
 Death Channel            Necr           1%         N/A       100%        6
 Monstrous Menagerie      Summ           1%         N/A       100%        7
 Disjunction              Tloc           2%         N/A       100%        8
 Ignition                 Fire           1%         3d3       100%        8
 Lehudib's Crystal Spear  Conj/Erth      1%         10d2      100%        8

Inventory:

Missiles
 e - 25 poisoned darts (quivered)
 k - 168 stones
 o - 11 boomerangs
 x - 2 throwing nets {=f!f}
Armour
 a - a +1 animal skin (melded)
 u - a +2 cloak (worn)
   (You bought it in a shop on level 3 of the Dungeon)
 H - a +2 pair of gloves (melded)
   (You found it on level 11 of the Dungeon)
Magical Staves
 O - a staff of fire {!a}
   (You found it in a treasure trove)
 X - a staff of cold {!a}
   (You took it off Fannar on level 2 of the Lair of Beasts)
Jewellery
 z - a ring of wizardry
   (You found it on level 6 of the Dungeon)
 F - a ring of protection from fire
   (You found it on level 5 of the Dungeon)
 I - a +6 ring of intelligence (right fist)
   (You found it on level 8 of the Dungeon)
 T - an amulet of faith {!P}
   (You found it on level 4 of the Lair of Beasts)
 U - a ring of wizardry
   (You found it on level 11 of the Dungeon)
 W - an amulet of reflection (around neck)
   (You found it on level 7 of the Dungeon)
 Z - a ring of wizardry (left fist)
   (You found it on level 1 of the Dungeon)
Talismans
 c - a beast talisman
 d - a flux talisman
 l - a granite talisman (active)
   (You found it on level 1 of the Dungeon)
Wands
 h - a wand of flame (83)
   (You found it on level 2 of the Dungeon)
 m - a wand of roots (17)
   (You found it on level 4 of the Dungeon)
 t - a wand of polymorph (23)
   (You found it on level 3 of the Dungeon)
 L - a wand of digging (15)
   (You found it in a treasure trove)
 N - a wand of acid (3)
   (You found it in a treasure trove)
 P - a wand of mindburst (12)
   (You found it in a treasure trove)
 S - a wand of paralysis (7)
   (You found it in a treasure trove)
Scrolls
 f - 5 scrolls of blinking {!r}
 n - 4 scrolls of enchant weapon
 p - 7 scrolls of teleportation {@r4}
 q - a scroll of fear
 v - 2 scrolls of revelation
 A - 3 scrolls of fog
 C - 4 scrolls of enchant armour
 G - 2 scrolls of torment {!r}
 V - a scroll of poison
Potions
 b - a potion of lignification {!q}
 g - a potion of ambrosia
 i - 6 potions of invisibility
 j - 3 potions of enlightenment
 r - 7 potions of curing {unknown}
 s - 4 potions of heal wounds {@q2}
 w - a potion of magic {unknown}
 B - 3 potions of haste {unknown}
 D - 3 potions of mutation {!q}
 E - 4 potions of degeneration {unknown}
 J - 3 potions of brilliance
 Y - a potion of cancellation {unknown}
Miscellaneous
 y - a tin of tremorstones (2/2)
   (You found it on level 10 of the Dungeon)
 K - a box of beasts
   (You found it in a treasure trove)
 M - a phantom mirror
   (You found it in a treasure trove)
 Q - a phial of floods
   (You found it in a treasure trove)
 R - a lightning rod (4/4)
   (You found it in a treasure trove)

Dungeon Overview and Level Annotations

Branches:
Dungeon (13/15) Zot: 26900  Temple (1/1) D:7 Zot: 5975    Lair (5/5) D:9 Zot: 22095
 Shoals (0/4) Lair:2        Snake (0/4) Lair:3        Slime (0/5) Lair:5
    Orc (0/2) D:11         Vaults (0/5) D:13

Altars:
Ashenzari
Cheibriados
Dithmenos
Fedhas
Gozag
Hepliaklqana
Kikubaaqudgha
Makhleb
Nemelex Xobeh
Okawaru
Qazlal
Ru
Sif Muna
Trog
Uskayaw
Vehumet
Wu Jian
Xom
Yredelemnul
Jiyva

Shops:
D:3 [   D:7 [

Annotations:
D:6 3 runed translucent doors, initializr's ghost, novice DsFE

*,,,,*,,,*,,,,*,,,*,**##########+
*,,,,*,,,*,,..#..,*,,,#..........
*,,,,*,,,*,,,....,*,,,#..........
*,,,,*,******#..#######..........
*,,,,*,*,,,,,#..#....∩#....####'#
*,,,,+,*,,,,,#..#.....######.....
******,*,,,,,#..#.....##...#)....
,,,,,*,*,,,,,+..)B....##...')....
,,,,,+,*,,,,,+..8)....##...#)....
*,,,,*,**#####..########...#.....
*,,,,*,,...................#.....
*,,,,*,,...................#.....
*,,,,*,*######..##########'######
*,,,,*,*,,,,,+..+,,..$#.#...#...#
*,,,,***,,,,,+..+,,...#.#...#...+
*,,,,,,*,,,,,#..#,,g..#.'...#...#
******,*,,,,,#..#,,...#.#...#####


You could see a boulder beetle.


Message History

You punch the ironbound preserver!
The deep elf pyromancer points at you and mumbles some strange words.
The pyre arrow hits you.
You are covered in intense liquid fire!
The ironbound preserver is struck by your spines.
The ironbound preserver hits you but does no damage.
The boulder beetle bites you! 😮 HP[-25]
You take 25 damage, and now have 86/125 hp.
You are too injured to fight recklessly!
You are too injured to fight recklessly!
You are too injured to fight recklessly!
You are too injured to fight recklessly!
Unknown command.
You pummel the boulder beetle!! The liquid fire burns you!
The ironbound preserver is struck by your spines.
The ironbound preserver misses you.
The boulder beetle is struck by your spines.
The boulder beetle completely misses you. 😮 HP[-5]
You take 5 damage, and now have 81/125 hp.
Unknown command.
You hit the boulder beetle. You headbutt the boulder beetle.
The liquid fire burns you!
The deep elf pyromancer hits you but does no damage.
The ironbound preserver hits you but does no damage.
The boulder beetle bites you but does no damage. 😮 HP[-15]
You take 15 damage, and now have 66/125 hp.
Unknown command.
You hit the ironbound preserver. The liquid fire burns you!
* * * LOW HITPOINT WARNING * * *
The deep elf pyromancer is struck by your spines.
The deep elf pyromancer closely misses you.
The ironbound preserver is struck by your spines.
The ironbound preserver barely misses you.
The boulder beetle is struck by your spines.
The boulder beetle misses you. 😨 HP[-12]
You take 12 damage, and now have 54/125 hp.
Unknown command.
You beat the ironbound preserver into a bloody pulp!!!
You headbutt the ironbound preserver! The liquid fire burns you!
* * * LOW HITPOINT WARNING * * *
The deep elf pyromancer is struck by your spines.
The deep elf pyromancer hits you but does no damage.
The boulder beetle is struck by your spines.
The boulder beetle completely misses you.
The ironbound preserver mumbles some strange words.
The ironbound preserver is healed somewhat.
Unknown command. 😨 HP[-17]
You take 17 damage, and now have 37/125 hp.
You hit the ironbound preserver but do no damage.
Your headbutt misses the ironbound preserver.
The liquid fire burns you!
* * * LOW HITPOINT WARNING * * *
The deep elf pyromancer is struck by your spines.
The deep elf pyromancer hits you but does no damage.
The ironbound preserver hits you but does no damage.
The boulder beetle bites you but does no damage.
The ironbound preserver hits you with a +0 great mace.
* * * LOW HITPOINT WARNING * * *
You block the deep elf pyromancer's attack.
The boulder beetle is struck by your spines.
The boulder beetle barely misses you. 😱 HP[-14]
You take 14 damage, and now have 23/125 hp.
Unknown command.
You pummel the ironbound preserver like a punching bag!!!
You kill the ironbound preserver!
The Council accepts your kill. The liquid fire burns you!
* * * LOW HITPOINT WARNING * * *
The boulder beetle is struck by your spines.
The boulder beetle closely misses you.
The deep elf pyromancer barely misses you. 😱 HP[-7]
You take 7 damage, and now have 16/125 hp.
Unknown command.
You barely miss the deep elf pyromancer.
You headbutt the deep elf pyromancer! The liquid fire burns you!
* * * LOW HITPOINT WARNING * * *
The boulder beetle is struck by your spines.
The boulder beetle bites you but does no damage.
The deep elf pyromancer is struck by your spines.
The deep elf pyromancer misses you. 😱 HP[-12]
You take 12 damage, and now have 4/125 hp.
Unknown command.
You punch the deep elf pyromancer!
You kill the deep elf pyromancer!
The Council accepts your kill.
You hear the faint crackling of a melting archway nearby.
The liquid fire burns you!
You die...

Skill      XL: |  1  2  3  4  5  6  7  8  9 10 11 12 13 14 |
---------------+-------------------------------------------+-----
Unarmed Combat | 3 4 5 7 8 11 13 14 | 14.7
Shapeshifting  | 3 4 5 6 7 9 10 12 13 14 | 14.5
Fighting       | 2 3 4 6 7 8 10 11 | 11.2
Spellcasting   | 1 2 3 |  3.1
Hexes          | 1 2 3 |  3.0
Dodging        | 3 5 7 8 |  8.7
Armour         | 2 3 |  3.0
Translocations | |  0.7

Action                     |  1- 3 |  4- 6 |  7- 9 | 10-12 | 13-15 || total
---------------------------+-------+-------+-------+-------+-------++-------
  Melee: Unarmed           |   122 |   116 |   264 |   463 |   359 ||  1324
         Punch             |     1 |     6 |     4 |     8 |    41 ||    60
         Headbutt          |       |       |       |    86 |    81 ||   167
   Cast: Slow              |     9 |    29 |    59 |    43 |     2 ||   142
 Invoke: Heavenly Storm    |       |       |       |       |     1 ||     1
Ability: Lunge             |       |       |     4 |    21 |    17 ||    42
         Whirlwind         |       |       |       |    10 |    20 ||    30
  Evoke: Wand              |       |       |       |    10 |       ||    10
    Use: Scroll            |     5 |     6 |     5 |     7 |     2 ||    25
         Potion            |       |     3 |       |     4 |       ||     7
   Stab: Sleeping          |     1 |     2 |     1 |     1 |     1 ||     6
         Distracted        |       |       |       |     1 |       ||     1
 Armour: Animal skin       |    60 |    63 |    61 |       |       ||   184
         Skin              |       |       |    49 |   229 |   448 ||   726
  Dodge: Dodged            |    81 |    48 |   122 |   203 |   468 ||   922
  Block: Other             |       |       |    49 |   143 |   167 ||   359
         Reflection        |       |       |     1 |     5 |       ||     6
   Form: Flux              |       |       |     1 |       |       ||     1
         Statue            |       |       |       |     1 |       ||     1

Levels and vault maps discovered:
D:1:      onia_arrival_pyramid, layout_basic
D:2:      layout_basic, minmay_between
D:3:      layout_loops_corners, shapermc_ecumenical_altar_mp_ritualfount,
          serial_shops, shop
D:4:      layout_basic
D:5:      layout_rooms
D:6:      minmay_general_purpose_star, layout_loops_ring, gammafunk_ghost_split,
          minmay_checkerbox
D:7:      layout_cave_pools, minmay_temple_entry_metal_lava, serial_shops, shop,
          nicolae_concentric_dashed_squares_wild
D:8:      layout_cave_pools, cheibriados_altar_1, serial_undead,
          serial_undead_d, serial_undead_c, serial_undead_a, serial_undead_d,
          serial_undead_a
D:9:      layout_irregular_city, gammafunk_temple_overflow_forgotten,
          david_lair_shrubbed
D:10:     layout_cave_pods, vehumet_crystals, nicolae_trove_entry_crystal
D:11:     minmay_twisted_water, layout_basic, hiddenorc2_lemuel
D:12:     layout_cross, grunt_decor_one_mirror
D:13:     layout_grid_maze, skrybe_vaults_entry_preservation,
          portal_ice_cave_entry_pillars_1
Temple:   nicolae_temple_bog_church
Lair:1:   beast_lair_carwin_large_3, layout_cave_pods, dpeg_stationary_puzzle
Lair:2:   layout_roguey, elwin_shoals_entry_rooms, beast_lair_carwin_6,
          infiniplex_staircase_pool_2, grunt_megastairs_3
Lair:3:   layout_roguey [special_room_mythical_zoo],
          guppyfry_snake_entry_island, minmay_shattered_shrine, uniq_fannar
Lair:4:   layout_roguey, eino_small_chamber_without_monster,
          serial_bayou_shore_b, serial_bayou_shore_b, lemuel_fruit_fields
Lair:5:   minmay_lair_end_enchanted_forest, layout_cave_shapes,
          nicolae_slime_entry_field_trip, minivault_25,
          infiniplex_staircase_pool, serial_bayou_shore_a, lemuel_fruit_tree

Notes
Turn   | Place    | Note
-------+----------+-------------------------------------------
     0 | D:1      | kae the Demonspawn Shapeshifter began the quest for the
                  | Orb.
     0 | D:1      | Reached XP level 1. HP: 15/15 MP: 1/1
     0 | D:1      | magus.rc [v1.11.3]
   166 | D:1      | Gained mutation: When seriously injured, your blood forms
                  | armour. (AC +0) [demonic ancestry]
   166 | D:1      | Reached XP level 2. HP: 18/21 MP: 2/2
   182 | D:1      | Reached skill level 3 in Unarmed Combat
   402 | D:1      | Reached skill level 3 in Shapeshifting
   412 | D:1      | You pick up a book of Debilitation and begin reading...
   412 | D:1      | You add the spells Slow, Sigil of Binding, Vampiric
                  | Draining and Confusing Touch to your library.
   906 | D:1      | Gained mutation: When seriously injured, your blood forms
                  | thick armour. (AC +0) [demonic ancestry]
   906 | D:1      | Reached XP level 3. HP: 26/26 MP: 3/3
  1343 | D:2      | Learned a level 1 spell: Slow
  1707 | D:2      | Gained mutation: You are partially covered in sharp spines.
                  | [demonic ancestry]
  1707 | D:2      | Reached XP level 4. HP: 28/33 MP: 4/4
  2385 | D:3      | Found a faded altar of an unknown god.
  2442 | D:3      | Found Nuodeaq's Antique Armour Shop.
  2499 | D:3      | Reached skill level 2 in Fighting
  3077 | D:3      | Identified a scroll of acquirement
  3077 | D:3      | Acquired a manual of Unarmed Combat
  3422 | D:4      | Reached XP level 5. HP: 11/38 MP: 3/6
  3658 | D:4      | Reached skill level 4 in Unarmed Combat
  3915 | D:5      | Entered Level 5 of the Dungeon
  3925 | D:5      | Reached skill level 1 in Spellcasting
  3925 | D:5      | Reached skill level 1 in Hexes
  3966 | D:5      | Noticed a centaur
  3980 | D:5      | Killed a centaur
  3981 | D:5      | Reached skill level 4 in Shapeshifting
  3981 | D:5      | Gained mutation: You are mostly covered in sharp spines.
                  | [demonic ancestry]
  3981 | D:5      | Reached XP level 6. HP: 43/46 MP: 6/8
  4073 | D:5      | Reached skill level 5 in Unarmed Combat
  4304 | D:5      | Reached skill level 3 in Fighting
  4326 | D:5      | Reached skill level 2 in Spellcasting
  4326 | D:5      | Reached XP level 7. HP: 30/52 MP: 8/10
  4653 | D:6      | Reached skill level 6 in Unarmed Combat
  4751 | D:6      | Reached skill level 2 in Hexes
  4799 | D:6      | Reached skill level 5 in Shapeshifting
  4847 | D:5      | Reached skill level 7 in Unarmed Combat
  4919 | D:6      | Found a runed translucent gate.
  4921 | D:6      | Found a runed translucent gate.
  4921 | D:6      | Found a runed translucent gate.
  4926 | D:6      | Noticed initializr's ghost (novice DsFE)
  4955 | D:6      | Gained mutation: A meltable shield of frost defends you.
                  | (SH +0) [demonic ancestry]
  4955 | D:6      | Reached XP level 8. HP: 33/60 MP: 11/11
  5188 | D:6      | Reached skill level 4 in Fighting
  5287 | D:6      | Identified the +5 quarterstaff "Potat" {antimagic, Will+
                  | Dex+2}
  5409 | D:6      | Reached skill level 8 in Unarmed Combat
  5852 | D:6      | Reached skill level 6 in Shapeshifting
  6170 | D:7      | Learned a level 3 spell: Confusing Touch
  6271 | D:7      | Found a staircase to the Ecumenical Temple.
  6308 | Temple   | Entered the Ecumenical Temple
  6320 | Temple   | Became a worshipper of the Wu Jian Council
  6420 | D:7      | Reached XP level 9. HP: 65/67 MP: 11/13
  6566 | D:7      | Found Erhausa's Armour Shoppe.
  6662 | D:7      | You pick up a book of Beasts and begin reading...
  6662 | D:7      | You add the spells Summon Ice Beast, Summon Mana Viper and
                  | Monstrous Menagerie to your library.
  6694 | D:7      | Reached skill level 9 in Unarmed Combat
  6698 | D:7      | Reached skill level 3 in Hexes
  6967 | D:3      | Bought an embroidered cloak for 180 gold pieces
  7122 | D:8      | Reached skill level 3 in Spellcasting
  7163 | D:8      | Reached skill level 5 in Fighting
  7418 | D:8      | Reached skill level 10 in Unarmed Combat
  7418 | D:8      | Reached skill level 7 in Shapeshifting
  7503 | D:8      | Found a snail-covered altar of Cheibriados.
  7656 | D:8      | Identified the +0 ring mail of the Accordion {Harm rF-
                  | rCorr}
  7788 | D:8      | Reached * piety under Wu Jian
  7941 | D:9      | Noticed a two-headed ogre
  8109 | D:9      | Found a staircase to the Lair.
  8109 | D:9      | Noticed a komodo dragon
  8124 | D:9      | Killed a komodo dragon
  8126 | D:9      | Reached skill level 11 in Unarmed Combat
  8265 | D:9      | Reached skill level 6 in Fighting
  8384 | D:9      | Killed a two-headed ogre
  8385 | D:9      | Gained mutation: When seriously injured, your blood forms
                  | very thick armour. (AC +0) [demonic ancestry]
  8385 | D:9      | Reached XP level 10. HP: 65/76 MP: 8/14
  8613 | D:9      | You pick up a book of the Moon and begin reading...
  8613 | D:9      | You add the spells Passage of Golubria, Silence and
                  | Lehudib's Crystal Spear to your library.
  8657 | D:9      | Found a shimmering altar of Xom.
  8657 | D:9      | Found a shimmering blue altar of Sif Muna.
  8782 | D:9      | Reached skill level 8 in Shapeshifting
  9048 | D:10     | Entered Level 10 of the Dungeon
  9307 | D:10     | Found a radiant altar of Vehumet.
  9348 | D:10     | Found a portal to a secret trove of treasure.
  9376 | D:10     | Reached skill level 12 in Unarmed Combat
  9798 | D:10     | Noticed a gargoyle
  9809 | D:10     | Killed a gargoyle
 10050 | D:10     | You pick up a book of the Senses and begin reading...
 10050 | D:10     | You add the spells Dazzling Flash, Mephitic Cloud and Curse
                  | of Agony to your library.
 10052 | D:10     | You pick up a book of Flames and begin reading...
 10052 | D:10     | You add the spells Inner Flame, Sticky Flame and Flame Wave
                  | to your library.
 10141 | Trove    | Entered a treasure trove
 10251 | D:11     | Reached skill level 7 in Fighting
 10284 | D:11     | Noticed a boulder beetle
 10300 | D:11     | Killed a boulder beetle
 10301 | D:11     | Reached skill level 13 in Unarmed Combat
 10301 | D:11     | Reached skill level 9 in Shapeshifting
 10854 | D:11     | Noticed a skeletal warrior
 10854 | D:11     | Noticed a skeletal warrior
 10908 | D:11     | You pick up a book of Debilitation and begin reading...
 11006 | D:11     | Gained mutation: You have a pair of small horns on your
                  | head. [demonic ancestry]
 11006 | D:11     | Reached XP level 11. HP: 84/84 MP: 15/15
 11208 | D:11     | Found a staircase to the Orcish Mines.
 11226 | D:11     | Noticed a skeletal warrior
 11665 | D:12     | Noticed a deep elf pyromancer
 11665 | D:12     | Noticed a boulder beetle
 11686 | D:12     | Killed a deep elf pyromancer
 11737 | D:12     | Killed a boulder beetle
 11858 | D:12     | You pick up a book of Dreams and begin reading...
 11858 | D:12     | You add the spells Ensorcelled Hibernation, Fugue of the
                  | Fallen and Anguish to your library.
 12131 | D:12     | You pick up a book of Decay and begin reading...
 12131 | D:12     | You add the spells Cigotuvi's Dreadful Rot, Dispel Undead,
                  | Martyr's Knell and Death Channel to your library.
 12261 | D:11     | Noticed a skeletal warrior
 12263 | D:11     | Noticed a skeletal warrior
 12265 | D:11     | Noticed a skeletal warrior
 12265 | D:11     | Noticed a skeletal warrior
 12383 | D:10     | Killed a skeletal warrior
 12384 | D:10     | Reached skill level 8 in Fighting
 12510 | D:10     | Killed a skeletal warrior
 12627 | D:10     | Killed a skeletal warrior
 12628 | D:10     | Reached skill level 2 in Dodging
 12628 | D:10     | Reached skill level 10 in Shapeshifting
 12750 | D:11     | Killed a skeletal warrior
 12751 | D:11     | Reached skill level 1 in Armour
 13189 | D:11     | Noticed a boulder beetle
 13200 | D:11     | Killed a boulder beetle
 13762 | D:11     | Reached skill level 14 in Unarmed Combat
 13872 | Lair:1   | Entered Level 1 of the Lair of Beasts
 14182 | Lair:1   | You pick up a book of the Earth and begin reading...
 14182 | Lair:1   | You add the spells Leda's Liquefaction, Lee's Rapid
                  | Deconstruction and Bombard to your library.
 14230 | Lair:1   | Reached skill level 2 in Armour
 14267 | Lair:1   | Reached ** piety under Wu Jian
 14336 | Lair:1   | Reached skill level 3 in Dodging
 14427 | Lair:1   | Reached XP level 12. HP: 35/94 MP: 16/16
 14916 | Lair:1   | Reached skill level 3 in Armour
 15155 | Lair:2   | Reached skill level 9 in Fighting
 15201 | Lair:2   | Reached skill level 11 in Shapeshifting
 15205 | Lair:2   | Reached skill level 4 in Dodging
 15531 | Lair:2   | Found a staircase to the Shoals.
 15536 | Lair:2   | Reached *** piety under Wu Jian
 15811 | Lair:3   | Noticed a five-headed hydra
 15817 | Lair:3   | Killed a five-headed hydra
 15824 | Lair:3   | HP: 15/69 [wyvern (8)]
 15829 | Lair:3   | Noticed Fannar
 15832 | Lair:3   | HP: 12/70 [black mamba (7)]
 15972 | Lair:3   | Reached skill level 5 in Dodging
 15979 | Lair:2   | HP: 14/72 [Fannar/staff of cold (14)]
 15980 | Lair:2   | HP: 2/72 [Fannar/staff of cold (13)]
 15986 | Lair:2   | Killed Fannar
 16103 | Lair:3   | Reached skill level 12 in Shapeshifting
 16105 | Lair:3   | Noticed a five-headed hydra
 16155 | Lair:3   | Noticed a five-headed hydra
 16161 | Lair:3   | Killed a five-headed hydra
 16162 | Lair:3   | Reached skill level 10 in Fighting
 16165 | Lair:3   | Killed a five-headed hydra
 16179 | Lair:3   | Gained mutation: You have a pair of horns on your head.
                  | [demonic ancestry]
 16179 | Lair:3   | Reached XP level 13. HP: 83/103 MP: 17/17
 16242 | Lair:3   | Reached skill level 6 in Dodging
 16428 | Lair:3   | Found a staircase to the Snake Pit.
 16769 | Lair:3   | Reached **** piety under Wu Jian
 17006 | Lair:4   | Reached skill level 13 in Shapeshifting
 17157 | Lair:4   | Reached skill level 7 in Dodging
 18035 | Lair:5   | Entered Level 5 of the Lair of Beasts
 18304 | Lair:5   | Reached ***** piety under Wu Jian
 18309 | Lair:5   | Gained mutation: A meltable icy envelope protects you from
                  | harm. (AC +0) [demonic ancestry]
 18309 | Lair:5   | Reached XP level 14. HP: 107/111 MP: 18/18
 18390 | Lair:5   | Found a staircase to the Slime Pits.
 18390 | Lair:5   | Found a viscous altar of Jiyva.
 18403 | Lair:5   | You pick up a book of the Warp and begin reading...
 18403 | Lair:5   | You add the spells Manifold Assault, Dispersal and
                  | Disjunction to your library.
 18480 | Lair:5   | Reached skill level 8 in Dodging
 18499 | Lair:5   | Reached skill level 14 in Shapeshifting
 18846 | Lair:5   | Reached skill level 11 in Fighting
 19088 | Lair:5   | You add the spells Foxfire and Ignition to your library.
 19088 | Lair:5   | Got the Guidebook on Phlogiston
 19380 | Lair:5   | Learned a level 3 spell: Dazzling Flash
 19384 | Lair:5   | Learned a level 3 spell: Mephitic Cloud
 19389 | Lair:5   | Learned a level 4 spell: Manifold Assault
 19395 | Lair:5   | Learned a level 5 spell: Silence
 19651 | D:13     | Noticed an ironbound preserver
 19652 | D:13     | Found a gate to the Vaults.
 19667 | D:13     | HP: 23/125 [burnt (14)]
 19668 | D:13     | Killed an ironbound preserver
 19669 | D:13     | HP: 3/125 [burnt (13)]
 19670 | D:13     | Incinerated by a deep elf pyromancer

Vanquished Creatures
  An ironbound preserver (D:13)
  Fannar (Lair:2)
  9 hydras
  2 centaur warriors (D:13)
  A two-headed ogre (D:9)
  3 boulder beetles
  A death yak (Lair:3)
  4 skeletal warriors
  A skyshark (Lair:5)
  2 deep elf pyromancers
  A cyclops (D:12)
  20 elephants
  A manticore (D:12)
  2 merfolk sirens (Lair:2)
  7 black mambas
  13 cane toads
  A gargoyle (D:10)
  An unseen horror zombie (D:8)
  2 unseen horrors
  10 rime drakes
  10 komodo dragons
  A troll (D:10)
  4 hornets (Lair:5)
  9 polar bears
  8 blink frogs
  7 dream sheep
  11 spriggans (Lair:5)
  A shadow (D:10)
  A water elemental (D:11)
  7 wyverns
  44 yaks
  A vampire (D:11)
  2 wraiths
  11 basilisks
  A warg (Lair:1)
  A naga (Lair:3)
  A hell hound (Lair:3)
  12 water moccasins
  3 orc warriors
  8 ice beasts
  3 black bears
  6 centaurs
  2 sky beasts (D:6)
  An ogre (D:6)
  26 wolves
  5 boggarts (Lair:5)
  A kobold brigand (D:8)
  A phantom (D:6)
  5 scorpions
  14 bullfrogs
  A wyvern zombie (D:8)
  7 wights
  5 killer bees (D:9)
  A howler monkey (D:11)
  6 electric eels
  A bombardier beetle (D:6)
  3 centaur zombies (D:8)
  8 hounds
  5 orc priests
  7 iguanas
  9 jellies
  2 sleepcaps
  4 hell rats (Lair:3)
  9 orc wizards
  A killer bee zombie (D:8)
  2 howler monkey zombies (D:8)
  6 adders
  A shadow imp (D:7)
  6 white imps
  4 dart slugs (D:1)
  51 orcs
  8 bats
  3 endoplasms
  5 giant cockroaches
  3 goblins
  6 hobgoblins
  2 quokkas
  5 ball pythons
  4 frilled lizards
  9 kobolds
  9 rats
  A butterfly (Lair:4)
484 creatures vanquished.

Table legend:
 A = Non-vault XP
 B = Vault XP
 C = Vault XP percentage of total XP
 D = Non-vault monster count
 E = Vault monster count
 F = Vault count percentage of total count
                 A         B        C        D         E       F
            +---------+---------+-------+---------+---------+-------
      Total |   59856 |   27732 |  31.7 |     313 |     170 |  35.2
            +---------+---------+-------+---------+---------+-------
        D:1 |      46 |       0 |   0.0 |      24 |       0 |   0.0
        D:2 |      51 |       4 |   7.3 |      17 |       4 |  19.0
        D:3 |      43 |       0 |   0.0 |      10 |       0 |   0.0
        D:4 |      63 |       0 |   0.0 |      10 |       0 |   0.0
        D:5 |     903 |       0 |   0.0 |      21 |       0 |   0.0
        D:6 |     962 |     370 |  27.8 |      18 |       7 |  28.0
        D:7 |     519 |      70 |  11.9 |      14 |       1 |   6.7
        D:8 |     503 |    1098 |  68.6 |      10 |      14 |  58.3
        D:9 |    2320 |     397 |  14.6 |      13 |       2 |  13.3
       D:10 |    3713 |       0 |   0.0 |      12 |       0 |   0.0
       D:11 |    4339 |    1198 |  21.6 |      16 |      39 |  70.9
       D:12 |    3070 |       0 |   0.0 |       6 |       0 |   0.0
       D:13 |    2254 |    1710 |  43.1 |       7 |       2 |  22.2
     Lair:1 |    4620 |     827 |  15.2 |      22 |      10 |  31.2
     Lair:2 |    2318 |    3466 |  59.9 |      12 |      13 |  52.0
     Lair:3 |    5099 |   10040 |  66.3 |      13 |      32 |  71.1
     Lair:4 |   11228 |       0 |   0.0 |      33 |       0 |   0.0
     Lair:5 |   17805 |    8552 |  32.4 |      55 |      46 |  45.5
            +---------+---------+-------+---------+---------+-------

Skill      XL: |  1  2  3  4  5  6  7  8  9 10 11 12 13 14 |
---------------+-------------------------------------------+-----
Unarmed Combat | 3 4 5 7 8 11 13 14 | 14.7
Shapeshifting  | 3 4 5 6 7 9 10 12 13 14 | 14.5
Fighting       | 2 3 4 6 7 8 10 11 | 11.2
Spellcasting   | 1 2 3 |  3.1
Hexes          | 1 2 3 |  3.0
Dodging        | 3 5 7 8 |  8.7
Armour         | 2 3 |  3.0
Translocations | |  0.7

Action                     |  1- 3 |  4- 6 |  7- 9 | 10-12 | 13-15 || total
---------------------------+-------+-------+-------+-------+-------++-------
  Melee: Unarmed           |   122 |   116 |   264 |   463 |   359 ||  1324
         Punch             |     1 |     6 |     4 |     8 |    41 ||    60
         Headbutt          |       |       |       |    86 |    81 ||   167
   Cast: Slow              |     9 |    29 |    59 |    43 |     2 ||   142
 Invoke: Heavenly Storm    |       |       |       |       |     1 ||     1
Ability: Lunge             |       |       |     4 |    21 |    17 ||    42
         Whirlwind         |       |       |       |    10 |    20 ||    30
  Evoke: Wand              |       |       |       |    10 |       ||    10
    Use: Scroll            |     5 |     6 |     5 |     7 |     2 ||    25
         Potion            |       |     3 |       |     4 |       ||     7
   Stab: Sleeping          |     1 |     2 |     1 |     1 |     1 ||     6
         Distracted        |       |       |       |     1 |       ||     1
 Armour: Animal skin       |    60 |    63 |    61 |       |       ||   184
         Skin              |       |       |    49 |   229 |   448 ||   726
  Dodge: Dodged            |    81 |    48 |   122 |   203 |   468 ||   922
  Block: Other             |       |       |    49 |   143 |   167 ||   359
         Reflection        |       |       |     1 |     5 |       ||     6
   Form: Flux              |       |       |     1 |       |       ||     1
         Statue            |       |       |       |     1 |       ||     1

Illustrated notes

Table legend:
 A = Kills in this place as a percentage of kills in the entire game.
 B = Kills by you in this place as a percentage of kills by you in the entire game.
 C = Kills by friends in this place as a percentage of kills by friends in the entire game.
 D = Other kills in this place as a percentage of other kills in the entire game.
 E = Experience gained in this place as a percentage of experience gained in the entire game.
 F = Experience gained in this place divided by the number of levels of this place that you have seen.
                   A       B       C       D       E      F
               +-------+-------+-------+-------+-------+----------------------
         Total | 100.0 | 100.0 |   N/A |   N/A | 100.0 | 4379.4
       Dungeon |  51.1 |  51.1 |   N/A |   N/A |  27.0 | 1817.9
          Lair |  48.9 |  48.9 |   N/A |   N/A |  73.0 | 12791.0
               +-------+-------+-------+-------+-------+----------------------

Table legend: (Time is in decaauts)
 A = Elapsed time spent in this place.
 B = Non-inter-level travel time spent in this place.
 C = Inter-level travel time spent in this place.
 D = Time resting spent in this place.
 E = Time spent auto-exploring this place.
 F = Levels seen in this place.
 G = Mean time per level.
                   A        B        C        D        E       F      G
               +--------+--------+--------+--------+--------+-----+--------+
         Total |  22160 |  20825 |   1335 |   1882 |  15604 |  20 | 1108.0 |
       Dungeon |  14170 |  13196 |    974 |   1449 |   9673 |  13 | 1090.0 |
        Temple |     24 |     14 |     10 |      0 |      0 |   1 |   24.0 |
          Lair |   7904 |   7555 |    349 |    433 |   5930 |   5 | 1580.8 |
         Trove |     60 |     60 |      0 |      0 |      0 |   1 |   60.0 |
               +--------+--------+--------+--------+--------+-----+--------+

Top non-repeatable levels by time:
    D:11: 2356 daAuts
  Lair:5: 2031 daAuts
  Lair:4: 1578 daAuts
    D:10: 1552 daAuts
     D:6: 1521 daAuts
  Lair:2: 1497 daAuts
  Lair:1: 1481 daAuts
  Lair:3: 1315 daAuts
     D:9: 1287 daAuts
     D:1: 1217 daAuts
     D:2: 988 daAuts
    D:12: 947 daAuts
     D:3: 932 daAuts
     D:8: 864 daAuts
     D:5: 829 daAuts
